AoeStats
← rettet_den_Wald

Arabia

510540001Analyzed
1v1 RM · 1d ago on Oct 1, 2026· 16m 36s· 2 players
Game mode
Random Map
Map size
Tiny (2 player)
Population
200
Speed
Normal
Resources
Standard
Victory
Conquest
Starting age
Dark Age
Ending age
Imperial Age
RankedLock teamsTeams togetherTeam positionsShared explorationLock speedFull tech treeHidden civsTurbo modeCheats
Victory
Defeat
🇨🇦 Danes · Canada
844
+15
🇩🇪 Japanese · Germany
824
-15
rettet_den_Wald
5:53 Loom
12:42 Feudal Age
13:31 Horse Collar
14:50 Double-Bit Axe
15:50 Double-Bit Axe
Loadout Goblin
6:47 Loom
9:15 Feudal Age
10:22 Man-at-Arms
13:39 Horse Collar
15:08 Wheelbarrow
14:25 Arson
16:29 Forging
Connection lost

Rejoining the realm…

Still unreachable

The connection could not be restored.

Session expired

The server has moved on; the page needs a fresh start.